 Dungeon Crawl Stone Soup version 0.31-a0-216-g22e908daa7 (webtiles) character file.

Game seed: 9235001468944443507

62 qw the Shooter (level 3, 0/29 HPs)
             Began as a Minotaur Hexslinger on July 1, 2023.
             Succumbed to an adder's poison
             ... on level 2 of the Dungeon.
             The game lasted 00:00:31 (1039 turns).

qw the Shooter (Minotaur Hexslinger)                Turns: 1039, Time: 00:00:32

Health: 0/29       AC:  4    Str: 12    XL:     3   Next: 85%
Magic:  3/3        EV: 12    Int: 10    God:
Gold:   26         SH:  0    Dex: 14    Spells: 3/4 levels left

rFire   . . .        Y - +1 sling
rCold   . . .        (no shield)
rNeg    . . .        g - +2 robe {Will+}
rPois   .            (helmet restricted)
rElec   .            (no cloak)
rCorr   .            (no gloves)
SInv    .            (no boots)
Will    +....        (no amulet)
Stlth   +            (no ring)
HPRegen 0.24/turn    (no ring)
MPRegen 0.08/turn

%: no passive effects
@: lethally poisoned (0 -> -6)
A: horns 2, retaliatory headbutt
a: no special abilities


You were on level 2 of the Dungeon.
You visited 1 branch of the dungeon, and saw 2 of its levels.

You collected 26 gold pieces.


Innate Abilities, Weirdness & Mutations

You have a pair of horns on your head.
You reflexively headbutt those who attack you in melee.


   Skills:
 - Level 2.0 Fighting
 + Level 4.4 Ranged Weapons
 - Level 2.1 Dodging
 - Level 1.0 Spellcasting
 - Level 2.0 Hexes


You had 3 spell levels left.
You knew the following spells:

 Your Spells              Type           Power      Damage    Failure   Level
a - Slow                  Hex            16%        N/A       16%         1

Your spell library contained the following spells:

 Spells                   Type           Power      Damage    Failure   Level
 Inner Flame              Hex/Fire       2%         N/A       56%         3
 Portal Projectile        Hex/Tloc       4%         N/A       56%         3
 Cause Fear               Hex            2%         N/A       83%         4

Inventory:

Hand Weapons
 Y - a +1 sling (weapon)
Armour
 g - a +2 robe of willpower (worn)
Scrolls
 a - a scroll of enchant weapon {unknown}
Potions
 e - a potion of curing {unknown}
 h - a potion of berserk rage {unknown}

Dungeon Overview and Level Annotations

Branches:
Dungeon (2/15)

Altars:


Message History

You shoot a sling bullet.
The sling bullet barely misses the adder.
The sling bullet hits the endoplasm but does no damage.
You feel sick. The giant cockroach bites you.
The adder bites you but does no damage. The goblin hits you but does no damage.
The giant cockroach barely misses you.
You shoot a sling bullet.
The sling bullet closely misses the adder.
The sling bullet hits the endoplasm.
The endoplasm is severely wounded.
You feel sick. The adder bites you.
You are more poisoned.
The adder poisons you! The goblin barely misses you. You furiously retaliate!
You headbutt the goblin.
The giant cockroach bites you but does no damage.
The adder bites you but does no damage.
You shoot a sling bullet.
The sling bullet closely misses the goblin.
You feel sick. The giant cockroach misses you. The goblin closely misses you.
You furiously retaliate!
You headbutt the goblin!
You kill the goblin!
The adder bites you.
You are lethally poisoned!
The adder poisons you!
You shoot a sling bullet.
The sling bullet closely misses the adder.
The sling bullet hits the endoplasm!
You kill the endoplasm!
You feel very sick. The giant cockroach misses you. You furiously retaliate!
You headbutt the giant cockroach. The adder barely misses you.
The giant cockroach closely misses you. You furiously retaliate!
You headbutt the giant cockroach!
You kill the giant cockroach!
The adder barely misses you.
You shoot a sling bullet. The sling bullet hits the adder!
You kill the adder!
You feel sick.
There is a lethal amount of poison in your body!
You die...

...# #.# #.#### #
.###########.####.# #...
..................# ....
..#########......##.....
..# ##..###.# ..... ..#
#.......#...... ..#
###...#####......
..######.......#))......
...............#@'......
########.........#......
###...##..# .....
#...##..# .... ##.####.#
... #.# ### .. #.# . #.#
#.# ###


There were no monsters in sight!

Vanquished Creatures
  2 adders (D:2)
  A worm (D:2)
  3 endoplasms
  A giant cockroach (D:2)
  3 goblins
  3 hobgoblins (D:1)
  7 jackals (D:1)
  3 quokkas
  5 ball pythons
  3 frilled lizards (D:1)
  2 kobolds (D:2)
  6 rats (D:1)
39 creatures vanquished.

Notes
Turn   | Place    | Note
-------+----------+-------------------------------------------
     0 | D:1      | qw the Minotaur Hexslinger began the quest for the Orb.
     0 | D:1      | Reached XP level 1. HP: 16/16 MP: 1/1
     0 | D:1      | 0 ||| qw: Version: 0.3-a-35-g05ef00e
     0 | D:1      | 0 ||| qw: Game counter: 7775
     0 | D:1      | 0 ||| qw: Melee chars always use a shield: true
     0 | D:1      | 0 ||| qw: God list: Okawaru
     0 | D:1      | 0 ||| qw: Allow faded altars: false
     0 | D:1      | 0 ||| qw: Do Orc after clearing Dungeon:15 true
     0 | D:1      | 0 ||| qw: Do second Lair branch before Depths: true
     0 | D:1      | 0 ||| qw: Lair rune preference: random
     0 | D:1      | 0 ||| qw: Goals: Normal
     0 | D:1      | 0 ||| PLANNING D:1-11
   125 | D:1      | Reached skill level 3 in Ranged Weapons
   133 | D:1      | Reached XP level 2. HP: 14/23 MP: 2/2
   135 | D:1      | 135 ||| FLEEEEING.
   144 | D:1      | 144 ||| FLEEEEING.
   145 | D:1      | 145 ||| FLEEEEING.
   146 | D:1      | 146 ||| FLEEEEING.
   147 | D:1      | 147 ||| FLEEEEING.
   148 | D:1      | 148 ||| FLEEEEING.
   149 | D:1      | 149 ||| FLEEEEING.
   150 | D:1      | 150 ||| FLEEEEING.
   311 | D:1      | Found a faded altar of an unknown god.
   454 | D:1      | 454 ||| UPGRADING to +0 leather armour.
   464 | D:1      | 464 ||| DROPPING +0 robe.
   465 | D:1      | 465 ||| UPGRADING to +2 robe of willpower.
   475 | D:1      | 475 ||| DROPPING +0 leather armour.
   476 | D:1      | 476 ||| READING scroll labelled ASUEB VATRYZEDI.
   577 | D:1      | 577 ||| READING scroll labelled OTZE SYNEN.
   578 | D:1      | 578 ||| DROPPING scroll of poison.
   618 | D:2      | Reached XP level 3. HP: 29/29 MP: 3/3
   691 | D:2      | 691 ||| FLEEEEING.
   692 | D:2      | 692 ||| FLEEEEING.
   816 | D:2      | Reached skill level 4 in Ranged Weapons
  1036 | D:2      | HP: 6/29 [adder (3)]
  1038 | D:2      | HP: 2/29 [poisoned by an adder]
  1039 | D:2      | Succumbed to an adder's poison

Levels and vault maps discovered:
D:1:      evilmike_arrival_home_sweet_home, layout_rooms,
          ebering_ecumenical_altar_petrified
D:2:      kennysheep_big_flooded_room, layout_loops_ring

Skill      XL: |  1  2  3 |
---------------+----------+-----
Ranged Weapons | 3 4 |  4.4
Fighting       | 2 |  2.0
Dodging        | |  2.1
Spellcasting   | |  1.0
Hexes          | |  2.0

Action                     || total
---------------------------++-------
   Fire: Sling             ||   118
    Use: Scroll            ||     2
 Armour: Robe              ||    17
  Dodge: Dodged            ||    49

Table legend:
 A = Non-vault XP
 B = Vault XP
 C = Vault XP percentage of total XP
 D = Non-vault monster count
 E = Vault monster count
 F = Vault count percentage of total count
                 A         B        C        D         E       F
            +---------+---------+-------+---------+---------+-------
      Total |      85 |       4 |   4.5 |      37 |       2 |   5.1
            +---------+---------+-------+---------+---------+-------
        D:1 |      39 |       0 |   0.0 |      25 |       0 |   0.0
        D:2 |      46 |       4 |   8.0 |      12 |       2 |  14.3
            +---------+---------+-------+---------+---------+-------
